 Dungeon Crawl Stone Soup version 0.28-a0-199-g298df9dbad (webtiles) character file.

Game seed: 1144272635775040737

372 Whiskey the Shield-Bearer (level 7, -2/55 HPs)
             Began as a Formicid Fighter on Aug 19, 2021.
             Succumbed to a water moccasin's poison
             ... on level 4 of the Dungeon.
             The game lasted 00:07:35 (3343 turns).

Whiskey the Shield-Bearer (Formicid Fighter)        Turns: 3343, Time: 00:07:36

Health: -2/55      AC: 10    Str: 23    XL:     7   Next: 2%
Magic:  7/7        EV:  9    Int:  7    God:
Gold:   205        SH:  8    Dex: 10    Spells: 6/6 levels left

rFire   . . .      SeeInvis +   a - +0 war axe
rCold   . . .      Faith    .   c - +0 kite shield
rNeg    . . .      Spirit   .   p - +3 ring mail
rPois   .          Reflect  .   (helmet unavailable)
rElec   .          Harm     .   (no cloak)
rCorr   .          Rampage  .   (no gloves)
Will    .....                   j - +0 pair of boots
Stlth   ..........              (no amulet)
HPRegen 0.18/turn               (no ring)
MPRegen 0.10/turn               (no ring)

@: mighty, lethally poisoned (-2 -> -12), very slightly contaminated, invisible
(expiring)
A: permanent stasis, dig shafts and tunnels, antennae 3, four strong arms
a: Dig, Shaft Self


You were on level 4 of the Dungeon.
You visited 1 branch of the dungeon, and saw 4 of its levels.

You collected 205 gold pieces.

Inventory:

Hand Weapons
 a - a +0 war axe (weapon)
Missiles
 i - 11 boomerangs (quivered)
 l - a throwing net {=f, !d}
Armour
 b - a +0 scale mail
 c - a +0 kite shield (worn)
 j - a +0 pair of boots (worn)
   (You found it on level 2 of the Dungeon)
 p - a +3 ring mail (worn)
   (You found it on level 3 of the Dungeon)
Scrolls
 e - a scroll of blinking {unknown}
 f - 3 scrolls of teleportation {unknown}
 h - 3 scrolls of enchant weapon {unknown}
 m - 4 scrolls of identify {unknown}
 n - a scroll of vulnerability {unknown}
 o - a scroll of amnesia {unknown}
 r - a scroll of fear {unknown}
 s - a scroll of acquirement {unknown}
 u - a scroll of brand weapon {unknown}
Potions
 g - a potion of mutation {unknown}
 k - a potion of curing
 t - a potion of heal wounds {unknown}


   Skills:
 + Level 4.9 Fighting
 + Level 3.8 Axes
 + Level 4.9 Armour
 + Level 5.3 Shields


You had 6 spell levels left.
You didn't know any spells.
Your spell library contained the following spells:

 Spells                   Type           Power      Damage    Failure   Level
 Gell's Gravitas          Tloc           0%         N/A       99%         3
 Lesser Beckoning         Tloc           0%         N/A       99%         3
 Teleport Other           Tloc           0%         N/A       99%         3


Dungeon Overview and Level Annotations

Branches:
Dungeon (4/15)
 Temple: D:4-7

Altars:
Ashenzari

Shops:
D:4 *


Innate Abilities, Weirdness & Mutations

You cannot be hasted, slowed, berserked, paralysed or teleported.
You can dig through walls and to a lower floor.
You have a pair of large antennae on your head. (SInv)
Your four strong arms can wield two-handed weapons with a shield.


Message History

You sense a monster nearby.
You sense a monster nearby.
You open the door.
An adder and 2 water moccasins come into view.
The water moccasin hisses angrily.
The adder hisses angrily.
The adder moves out of view.
Found Gessiyle's Serpentskin Sales.
A water moccasin comes into view.
You barely miss the water moccasin.
The water moccasin hisses angrily.
The water moccasin bites you.
The water moccasin bites you but does no damage.
The water moccasin barely misses you.
You take 6 damage, and have 43/49 hp.
You closely miss the water moccasin. You hit the water moccasin.
The water moccasin bites you but does no damage.
You block the water moccasin's attack. The water moccasin bites you!
You are poisoned.
The water moccasin poisons you! The water moccasin bites you.
You are lethally poisoned!
The water moccasin poisons you!
You take 12 damage, and have 31/49 hp.
MASSIVE DAMAGE!!
You closely miss the water moccasin. x2
You feel extremely sick. You block the water moccasin's attack.
The water moccasin bites you but does no damage.
The water moccasin closely misses you.
The water moccasin bites you but does no damage.
You take 11 damage, and have 20/49 hp.
MASSIVE DAMAGE!!
You are too injured to fight recklessly!
You are too injured to fight recklessly!
You feel very sick.
You take 5 damage, and have 15/49 hp.
It was a potion of curing.
You feel better. The water moccasin misses you.
The water moccasin bites you but does no damage.
You regained 9 hp, and now have 24/49 hp.
You feel very mighty all of a sudden. The water moccasin bites you.
You are poisoned.
The water moccasin poisons you!
You take 6 damage, and have 18/49 hp.
It was a potion of invisibility.
You fade into invisibility!
You feel very sick. The water moccasin closely misses you.
The water moccasin bites you.
* * * LOW HITPOINT WARNING * * *
You are very lightly contaminated with residual magic.
You take 5 damage, and have 13/49 hp.
You feel better. The water moccasin closely misses you.
You regained 5 hp, and now have 18/49 hp.
You barely miss the water moccasin. The water moccasin misses you.
You block the water moccasin's attack.
You hit the water moccasin. The water moccasin closely misses you.
You block the water moccasin's attack.
You barely miss the water moccasin. The water moccasin barely misses you.
The water moccasin bites you.
* * * LOW HITPOINT WARNING * * *
You take 6 damage, and have 13/49 hp.
You slash the water moccasin! You block the water moccasin's attack.
The water moccasin barely misses you.
You miss the water moccasin.
You block the water moccasin's attack. x2
You barely miss the water moccasin. The water moccasin barely misses you.
You block the water moccasin's attack.
You completely miss the water moccasin. You block the water moccasin's attack.
The water moccasin bites you.
* * * LOW HITPOINT WARNING * * *
The water moccasin misses you.
You take 2 damage, and have 12/49 hp.
You miss the water moccasin. You block the water moccasin's attack.
The water moccasin bites you but does no damage.
You slash the water moccasin! The water moccasin bites you.
* * * LOW HITPOINT WARNING * * *
You are lethally poisoned!
The water moccasin poisons you! The water moccasin closely misses you.
You take 1 damage, and have 11/49 hp.
You closely miss the water moccasin.
* * * LOW HITPOINT WARNING * * *
You feel very sick. You block the water moccasin's attack.
You take 5 damage, and have 6/49 hp.
You slash the water moccasin!
You kill the water moccasin!
* * * LOW HITPOINT WARNING * * *
You feel very sick. The water moccasin misses you.
You have reached level 7!
You take 4 damage, and have 2/55 hp.
MP restored: 7 You feel better.
The water moccasin bites you.
* * * LOW HITPOINT WARNING * * *
The water moccasin bites you but does no damage.
You regained 3 hp, and now have 5/55 hp.
The water moccasin barely misses you.
You flicker for a moment.
The water moccasin bites you.
* * * LOW HITPOINT WARNING * * *
You are lethally poisoned!
The water moccasin poisons you!
You take 6 damage, and have 1/55 hp.
You die...

#'##...........#.......
#..S##..(.......#.......
#.∩ ###..####.##.####..
#..S####..####.##.####..
##+##....S..†...........
#......S...............
##.....S...............
#.....................
#....@................
#............)........
######################


You could see 2 water moccasins and an adder.

Vanquished Creatures
  A water moccasin (D:4)
  A black bear (D:4)
  An orc wizard (D:4)
  A hound skeleton (D:4)
  A howler monkey skeleton (D:3)
  3 adders
  A shadow imp (D:4)
  An adder skeleton (D:4)
  2 dart slugs (D:3)
  4 orcs (D:4)
  9 ball pythons
  7 bats
  11 endoplasms
  4 giant cockroaches
  4 goblins
  6 hobgoblins
  7 jackals
  2 quokkas
  2 frilled lizards
  4 kobolds
  7 rats
  A spectral goblin (D:3)
80 creatures vanquished.

Notes
Turn   | Place    | Note
-------+----------+-------------------------------------------
     0 | D:1      | Whiskey the Formicid Fighter began the quest for the Orb.
     0 | D:1      | Reached XP level 1. HP: 18/18 MP: 1/1
    39 | D:1      | Reached XP level 2. HP: 23/24 MP: 2/2
   426 | D:1      | Reached skill level 4 in Shields
   426 | D:1      | Reached XP level 3. HP: 29/29 MP: 3/3
  1175 | D:2      | Reached XP level 4. HP: 18/37 MP: 4/4
  1913 | D:3      | Found a faded altar of an unknown god.
  2012 | D:3      | Reached skill level 4 in Armour
  2039 | D:3      | Reached skill level 4 in Fighting
  2180 | D:3      | Found a broken altar of Ashenzari.
  2230 | D:3      | Reached XP level 5. HP: 42/42 MP: 5/5
  2375 | D:3      | Reached skill level 3 in Axes
  2886 | D:4      | Noticed a black bear
  2896 | D:4      | Killed a black bear
  2897 | D:4      | Reached skill level 5 in Shields
  2897 | D:4      | Reached XP level 6. HP: 17/49 MP: 6/6
  3313 | D:4      | Found Gessiyle's Serpentskin Sales.
  3313 | D:4      | Noticed a water moccasin
  3313 | D:4      | Noticed a water moccasin
  3314 | D:4      | Noticed a water moccasin
  3328 | D:4      | HP: 12/49 [water moccasin (2)]
  3332 | D:4      | Killed a water moccasin
  3332 | D:4      | HP: 2/49 [poisoned by a water moccasin]
  3333 | D:4      | Reached XP level 7. HP: 2/55 MP: 7/7
  3342 | D:4      | HP: 1/55 [water moccasin (6)]
  3343 | D:4      | Succumbed to a water moccasin's poison

Illustrated notes

Levels and vault maps discovered:
D:1:      doesnt_arrival_eight_statues, layout_basic
D:2:      layout_basic
D:3:      layout_loops_ring, mainiacjoe_overflow_surrounded_room,
          dreamdust_ecumenical_altar_drowned_temple, kennysheep_generic_room_5
D:4:      layout_gridville, nicolae_hepliaklqana_hippocampus,
          guppyfry_shop_venom

Skill      XL: |  1  2  3  4  5 |
---------------+----------------+-----
Shields        | 4 5 |  5.3
Armour         | 4 |  4.9
Fighting       | 4 |  4.9
Axes           | 3 |  3.8

Action                   |  1- 3 |  4- 6 |  7- 9 || total
-------------------------+-------+-------+-------++-------
Melee: War axe           |   104 |   128 |       ||   232
Throw: Boomerang         |       |     3 |       ||     3
  Use: Potion            |       |     4 |     1 ||     5
Armor: Scale mail        |    61 |    36 |       ||    97
       Ring mail         |       |    38 |     1 ||    39
Dodge: Dodged            |    51 |    76 |     1 ||   128
Block: Kite shield       |    56 |    71 |       ||   127

Table legend: (Time is in decaauts)
 A = Elapsed time spent in this place.
 B = Non-inter-level travel time spent in this place.
 C = Inter-level travel time spent in this place.
 D = Time resting spent in this place.
 E = Time spent auto-exploring this place.
 F = Levels seen in this place.
 G = Mean time per level.
                   A        B        C        D        E       F      G
               +--------+--------+--------+--------+--------+-----+--------+
         Total |   3473 |   3380 |     93 |    114 |   2643 |   4 |  868.2 |
       Dungeon |   3473 |   3380 |     93 |    114 |   2643 |   4 |  868.2 |
               +--------+--------+--------+--------+--------+-----+--------+

Top non-repeatable levels by time:
     D:1: 1127 daAuts
     D:2: 857 daAuts
     D:3: 796 daAuts
     D:4: 691 daAuts

Table legend:
 A = Kills in this place as a percentage of kills in entire the game.
 B = Kills by you in this place as a percentage of kills by you in the entire game.
 C = Kills by friends in this place as a percentage of kills by friends in the entire game.
 D = Other kills in this place as a percentage of other kills in the entire game.
 E = Experience gained in this place as a percentage of experience gained in the entire game.
 F = Experience gained in this place divided by the number of levels of this place that you have seen.
                   A       B       C       D       E      F
               +-------+-------+-------+-------+-------+----------------------
         Total | 100.0 | 100.0 |   N/A |   N/A | 100.0 | 133.0
       Dungeon | 100.0 | 100.0 |   N/A |   N/A | 100.0 | 133.0
               +-------+-------+-------+-------+-------+----------------------
